Get step-by-step instructions on how to execute this build order below. Start the game timer, and the build order will tick by so you can play in parallel with StarCraft on a second screen or mobile device.

Game Time

  0:00

Last Step

  N/A

Next Step

Upcoming Step



Don't want to look back and forth between 2 screens? Try out our Overwolf App, the Spawning Tool Build Advisor to get an in-game overlay with this build!

Complete Build Order

  12  0:00  Probe  
  13  0:12  Probe  
  14  0:17  Pylon  
  14  0:24  Probe (Chrono Boost)  
  16  0:36  Gateway, Probe (Chrono Boost)  
  16  0:42  Probe (Chrono Boost)  
  16  0:45  Assimilator  
  17  0:50  Probe  
  18  1:03  Probe  
  19  1:15  Probe  
  20  1:23  Cybernetics Core  
  20  1:34  Nexus  
  20  1:38  Probe  
  21  1:45  Pylon  
  21  1:51  Assimilator  
  21  1:53  Probe  
  21  1:57  Adept (Chrono Boost)  
  23  2:05  Probe (Chrono Boost)  
  25  2:17  Probe (Chrono Boost)  
  25  2:21  Stargate  
  25  2:22  Probe (Chrono Boost)  
  25  2:28  Warp Gate  
  26  2:32  Probe  
  26  2:33  Adept  
  30  2:46  Probe (Chrono Boost)  
  30  2:49  Probe (Chrono Boost)  
  31  2:55  Probe (Chrono Boost)  
  33  2:58  Probe (Chrono Boost)  
  33  3:01  Probe (Chrono Boost)  
  33  3:03  Oracle (Chrono Boost)  
  34  3:08  Probe  
  36  3:13  Probe  
  37  3:20  Probe  
  37  3:21  Twilight Council  
  37  3:25  Gateway, Probe  
  39  3:32  Probe  
  40  3:36  Pylon  
  40  3:37  Probe  
  41  3:47  Probe (Chrono Boost)  
  42  3:49  Probe (Chrono Boost)  
  42  3:53  Gateway  
  43  3:58  Blink (Chrono Boost)  
  43  4:00  Probe (Chrono Boost)  
  43  4:01  Probe (Chrono Boost)  
  45  4:05  Probe (Chrono Boost)  
  45  4:08  Probe  
  47  4:14  Assimilator  
  47  4:15  Probe  
  47  4:16  Stalker  
  50  4:21  Probe  
  51  4:24  Nexus  
  51  4:26  Pylon  
  51  4:27  Probe  
  51  4:30  Assimilator  
  52  4:33  Probe, Pylon  
  53  4:41  Pylon  
  53  4:45  Probe x2  
  53  4:49  Stalker x2  
  59  4:57  Probe  
  59  4:58  Stalker  
  62  5:01  Robotics Facility  
  62  5:05  Forge  
  62  5:06  Probe  
  63  5:14  Probe (Chrono Boost)  
  63  5:15  Stalker x2  
  69  5:23  Probe (Chrono Boost)  
  69  5:24  Gateway  
  69  5:26  Probe (Chrono Boost)  
  70  5:32  Probe (Chrono Boost)  
  70  5:33  Probe (Chrono Boost)  
  72  5:36  Probe (Chrono Boost)  
  72  5:37  Protoss Ground Weapons Level 1 (Chrono Boost)  
  75  5:45  Charge  
  75  5:46  Sentry, Shield Battery, Probe x2 (Chrono Boost)  
  75  5:47  Probe (Chrono Boost)  
  75  5:48  Pylon  
  75  5:49  Observer  
  79  5:51  Robotics Bay  
  79  5:53  Probe  
  79  5:55  Probe  
  81  5:57  Pylon  
  81  6:02  Probe  
  81  6:03  Sentry  
  84  6:04  Assimilator  
  84  6:05  Probe  
  84  6:06  Sentry, Assimilator  
  84  6:07  Probe  
  88  6:14  Immortal (Chrono Boost), Probe  
  88  6:15  Pylon  
  93  6:20  Shield Battery  
  93  6:30  Stalker x3  
  93  6:31  Zealot  
  101  6:35  Probe x2  
  101  6:39  Pylon  
  103  6:46  Probe  
  104  6:47  Probe, Pylon  
  104  6:48  Colossus (Chrono Boost)  
  111  6:54  Zealot x3  
  111  6:58  Pylon  
  111  7:00  Extended Thermal Lance, Pylon  
  117  7:25  Nexus  
  117  7:28  Zealot x4, Colossus (Chrono Boost)  
  131  7:33  Gateway, Protoss Ground Armor Level 1 (Chrono Boost), Pylon  
  131  7:35  Gateway  
  131  7:37  Probe x2  
  133  7:41  Forge  
  133  7:43  Probe  
  134  7:50  Probe  
  135  7:55  Shield Battery  
  135  7:57  Robotics Facility, Probe  
  136  7:58  Robotics Facility  
  136  8:05  Zealot, Probe  
  137  8:06  Zealot  
  137  8:07  Photon Cannon  
  137  8:10  Pylon  
  141  8:15  Photon Cannon  
  141  8:21  Zealot x2  
  145  8:28  Stalker x2  
  145  8:30  Protoss Ground Weapons Level 2 (Chrono Boost), Probe  
  145  8:32  Immortal (Chrono Boost)  
  150  8:38  Probe x3  
  155  8:43  Probe  
  164  8:52  Immortal (Chrono Boost)  
  164  8:53  Immortal (Chrono Boost)  
  164  8:56  Assimilator  
  164  8:58  Assimilator, Templar Archives  
  164  9:06  Gateway  
  164  9:08  Zealot x5, Gateway  
  172  9:19  Immortal (Chrono Boost)  
  172  9:27  Immortal x2 (Chrono Boost)  
  180  9:36  Nexus  
  180  9:39  Pylon  
  180  9:41  Protoss Ground Armor Level 2 (Chrono Boost)  
  180  9:47  Pylon  
  180  9:57  Immortal  
  180  9:58  Pylon  
  184  10:02  High Templar x2  
  188  10:07  High Templar x4, Archon  
  188  10:12  Archon x2  
  196  10:16  Immortal  
  196  10:19  Gateway  
  200  10:22  Gateway  
  200  10:23  Gateway  
  200  10:24  Zealot x2  
  180  10:30  Observer  
  180  10:34  Protoss Ground Weapons Level 3 (Chrono Boost)  
  171  10:37  Observer  
  171  10:38  Stalker x2  
  171  10:40  High Templar x4, Warp Prism (Chrono Boost)  
  185  10:46  Archon, Shield Battery  
  185  10:47  Photon Cannon, Archon  
  185  10:49  Pylon, Stalker x2  
  189  10:51  Immortal (Chrono Boost)  
  193  11:10  Warp Prism (Chrono Boost)  
  193  11:11  Stalker x2  
  199  11:26  Photon Cannon  
  199  11:28  Photon Cannon  
  199  11:31  Photon Cannon  
  195  11:34  Shield Battery  
  193  11:43  Protoss Ground Armor Level 3 (Chrono Boost)  
  193  11:51  Gateway  
  193  11:54  Zealot x3  
  188  12:02  Zealot x3  
  180  12:09  Zealot x5  
  180  12:12  Immortal x2 (Chrono Boost)  
  194  12:18  Colossus (Chrono Boost)  
  164  12:26  Zealot x6  
  176  12:31  Zealot x5  
  186  12:48  Colossus (Chrono Boost)  
  196  12:56  Stalker  
  196  12:57  Psionic Storm, Stalker  
  200  13:03  Nexus  
  200  13:05  Protoss Shields Level 1 (Chrono Boost)  
  200  13:11  Warp Prism (Chrono Boost)  
  200  13:12  Pylon  
  196  13:15  Pylon  
  197  13:20  Observer  
  191  13:30  Stalker x5  
  199  13:48  Zealot x6  
  192  13:49  Zealot  
  192  13:50  Immortal  
  192  13:51  Immortal  
  158  14:01  Colossus  
  162  14:03  Stalker x5  
  172  14:12  High Templar  
  172  14:13  High Templar x5, Zealot  
  172  14:16  Archon x2  
  186  14:17  Archon  
  186  14:29  Zealot x2, Immortal  
  186  14:30  Zealot x3  
  180  14:32  Colossus (Chrono Boost)  
  180  14:34  Zealot  
  163  14:45  Zealot x6  
  153  14:52  Stalker x7  
  145  14:55  High Templar  
  145  14:56  High Templar x2, Zealot x2  
  145  14:59  Disruptor (Chrono Boost)  
  159  15:10  Shield Battery  
  159  15:12  Nexus, Photon Cannon, Shield Battery  
  159  15:15  Protoss Shields Level 2 (Chrono Boost), Shield Battery  
  163  15:21  Disruptor (Chrono Boost)  
  163  15:23  Warp Prism (Chrono Boost)  
  159  15:38  Stalker x2  
  163  15:49  Zealot x4  
  167  15:50  Immortal  
  169  16:01  Dark Shrine  
  167  16:09  High Templar x3  
  167  16:10  Stalker x2  
  177  16:15  High Templar  
  177  16:16  Zealot x4  
  177  16:17  Zealot, Photon Cannon  
  183  16:37  Zealot x8  
  173  16:46  Zealot x3  
  170  16:51  Zealot  
  134  16:56  Colossus  
  104  17:02  Observer, Stalker x8  
  104  17:03  Probe  
  104  17:04  Probe  
  104  17:05  Pylon  
  104  17:07  Probe x2  
  104  17:08  Probe  
  124  17:14  High Templar x2  
  128  17:16  Probe x2  
  128  17:19  Probe  
  128  17:22  Observer, Photon Cannon, Shield Battery  
  123  17:23  Probe  
  123  17:27  High Templar x3  
  123  17:28  Disruptor, Shield Battery  
  134  17:32  Zealot  
  136  17:38  Observer, Probe x2  
  136  17:40  Assimilator  
  136  17:44  Disruptor  
  138  17:49  Probe x2  
  138  17:51  Assimilator  
  144  17:53  Assimilator, Stalker x3  
  150  18:09  Zealot x9  
  168  18:16  Immortal  
  168  18:17  Zealot x3  
  178  18:20  Archon  
  178  18:24  Archon  
  174  18:31  Zealot x8  
  186  18:42  Stalker x4  
  194  18:51  High Templar x2  
  195  19:04  Disruptor  
  199  19:10  Nexus  
  199  19:14  Pylon  
  173  19:26  Observer  
  173  19:29  Immortal  
  177  19:32  High Templar  
  167  19:43  Nexus  
  165  19:51  Shield Battery  
  165  19:52  Photon Cannon  
  162  20:06  Stalker x4  
  165  20:20  Shield Battery  
  165  20:24  Stalker x7  
  179  20:35  Pylon  
  173  20:47  Zealot x2, Photon Cannon  
  173  20:48  Zealot x7  
  130  21:09  Zealot x4  
  130  21:10  Zealot x8